 Dungeon Crawl Stone Soup version 0.20.1-1-g8b1a95d (webtiles) character file.

7364 Jazqa the Covert (level 11, -3/72 HPs)
             Began as a Kobold Berserker on Oct 24, 2017.
             Was an Elder of Trog.
             Slain by a death yak (16 damage)
             ... on level 1 of the Lair of Beasts.
             The game lasted 00:18:17 (9217 turns).

Jazqa the Covert (Kobold Berserker)                 Turns: 9217, Time: 00:18:18

Health: -3/72      AC: 14    Str: 14    XL:     11   Next: 35%
Magic:  20/20      EV: 23    Int:  8    God:    Trog [****..]
Gold:   413        SH:  0    Dex: 19    Spells: 10/10 levels left

rFire    + . .     SeeInvis .   C - +2 dagger (protect)
rCold    . . .     Gourm    .   (shield restricted)
rNeg     . . .     Faith    .   d - +2 leather armour {rF+}
rPois    .         Spirit   .   (no helmet)
rElec    .         Reflect  .   (no cloak)
rCorr    .         Harm     .   l - +1 pair of gloves
MR       .....                  (no boots)
Stlth    +++++.....             (no amulet)
Regen    0.3/turn               W - ring of magical power
MPRegen  0.2/turn               (no ring)

@: protection aura, berserk cooldown, slowed, very slow
A: carnivore 3
a: Berserk, Trog's Hand, Brothers in Arms, Burn Spellbooks, Renounce Religion


You were on level 1 of the Lair of Beasts.
You worshipped Trog.
Trog was greatly pleased with you.
You were very full.

You visited 2 branches of the dungeon, and saw 10 of its levels.

You collected 703 gold pieces.
You spent 290 gold pieces at shops.


Innate Abilities, Weirdness & Mutations

You are small and have problems with some larger weapons.
You are carnivorous and can eat meat at any time.


   Skills:
 + Level 10.0 Fighting
 + Level 10.5 Short Blades
 - Level 3.0 Armour
 + Level 10.7 Dodging
 + Level 11.4 Stealth


You had 10 spell levels left.
You didn't know any spells.

Inventory:

Hand Weapons
 v - a +1 short sword of electrocution
 C - a +2 dagger of protection (weapon)
Armour
 d - a +2 leather armour of fire resistance (worn)
 l - a +1 pair of gloves (worn)
 D - a +1 ring mail of cold resistance
Jewellery
 t - an uncursed ring of teleportation
 W - a ring of magical power (left hand)
Wands
 a - a wand of lightning (3/15)
 u - a wand of flame (24/48)
 A - a wand of iceblast (4/15)
Scrolls
 f - 2 scrolls of magic mapping
 m - 4 scrolls of enchant armour
 n - 4 scrolls of teleportation {@r4}
 p - a scroll of enchant weapon
 q - 3 scrolls of identify {@r1}
 y - 3 scrolls of remove curse {@r2}
 B - a scroll of silence {unknown}
 F - a scroll of recharging {unknown}
Potions
 b - a potion of flight
 e - 2 potions of heal wounds {unknown}
 g - 3 potions of berserk rage {unknown}
 h - 3 potions of invisibility {unknown}
 i - 3 potions of curing {@q1}
 j - a potion of mutation {unknown}
 k - 2 potions of agility {unknown}
 o - 2 potions of brilliance {unknown}
 s - a potion of magic {unknown}
 x - a potion of lignification {unknown}
 z - a potion of cancellation {unknown}
Books
 E - a book of Callings

   Spells                             Type                      Level
   a - Summon Small Mammal            Summoning                    1
   b - Call Imp                       Summoning                    2
   c - Call Canine Familiar           Summoning                    3
   d - Summon Guardian Golem          Hexes/Summoning              3
   e - Summon Lightning Spire         Summoning/Air                4
   f - Summon Ice Beast               Ice/Summoning                4
   Trog disapproves of the use of such an item.
Comestibles
 c - 2 meat rations {@e1}
 r - 3 royal jellies {@e3}

Dungeon Overview and Level Annotations

Branches:
Dungeon (9/15)             Temple (0/1) D:5            Lair (1/6) D:9
    Orc: D:9-12

Altars:
Ashenzari
Gozag
Kikubaaqudgha
Nemelex Xobeh
Vehumet
Zin
The Shining One

Shops:
D:5 }[

Annotations:
D:8 exclusion: orange crystal statue

...........▒ ▒▒▒▒...............
.P###P##..... .........#########.
.## ### ....#P#####....## ## .##
....# #......# ..# .... ##....##
. .## ...# #....# ######. .# ###
....# #....####.⌠....
<###.##.....#######....#.........
.............$..@Y.......#⌠.>..+.
.................##.###.#......#.
.................#### ####..⌠.##
####.#####.......# #.##..# # ###
........# #. ..... # #........
#...▓▓▓▓# #.......# #...
#........ ...


You could see a death yak.


Message History

You hit the death yak but do no damage.
The death yak is almost dead.
The death yak gores you!!
* * * LOW HITPOINT WARNING * * *
You hit the death yak but do no damage.
The death yak is almost dead.
You barely miss the death yak.
The death yak is almost dead.
The death yak gores you!
* * * LOW HITPOINT WARNING * * *
You hit the death yak.
The death yak is almost dead.
The death yak gores you but does no damage.
You hit the death yak but do no damage.
The death yak is almost dead.
The death yak gores you.
* * * LOW HITPOINT WARNING * * *
You hit the death yak but do no damage.
The death yak is almost dead.
You hit the death yak but do no damage.
The death yak is almost dead.
The death yak gores you but does no damage.
You hit the death yak.
The death yak is almost dead.
The death yak gores you!
* * * LOW HITPOINT WARNING * * *
You feel better.
The death yak gores you but does no damage.
The death yak gores you!
You die...

Skill      XL: |  1  2  3  4  5  6  7  8  9 10 11 |
---------------+----------------------------------+-----
Dodging        | 3 4 5 6 8 10 | 10.7
Stealth        | 1 2 3 5 6 8 10 11 | 11.4
Fighting       | 4 5 6 7 9 10 | 10.0
Armour         | 2 3 |  3.0
Short Blades   | 5 6 7 9 10 | 10.5

Action                   |  1- 3 |  4- 6 |  7- 9 | 10-12 || total
-------------------------+-------+-------+-------+-------++-------
Melee: Short sword       |    98 |   197 |   392 |   109 ||   796
       Dagger            |       |       |       |   149 ||   149
Invok: Berserk           |     2 |     4 |     7 |     3 ||    16
       Trog's Hand       |       |       |     1 |       ||     1
       Brothers in Arms  |       |       |       |     2 ||     2
  Use: Potion            |     1 |       |     1 |     1 ||     3
       Scroll            |       |     3 |     9 |       ||    12
 Stab: Sleeping          |     5 |     2 |     9 |     9 ||    25
       Distracted        |       |       |     1 |     2 ||     3
  Eat: Chunk             |    11 |     9 |    22 |     8 ||    50
Armor: Animal skin       |    19 |     2 |       |       ||    21
       Ring mail         |       |    42 |    25 |       ||    67
       Leather armour    |       |       |    32 |    44 ||    76
Dodge: Dodged            |    72 |   126 |   226 |   144 ||   568

Vault maps used:
D:1:      minmay_arrival_hallway, st_stairs_8
D:2:      old_standard_altar, gammafunk_temple_overflow_claw
D:3:      nicolae_gozag_seed_capital, first_bread, grunt_ashenzari_visionary
D:5:      nemelex_xobeh_ov_fountains_minmay, lemuel_temple_firewalk_a,
          serial_shops, kennysheep_mini_moat, shop_fountains
D:6:      zin_academy, minmay_misc_feat_doors
D:7:      uniq_menkaure
D:8:      minmay_statue_hallways
D:9:      erik_lair_orcish_takeover
Lair:1:   basic_altar, lightli_volcano_entry_magma_tube, grunt_megastairs_2

Notes
Turn   | Place    | Note
-------+----------+-------------------------------------------
     0 | D:1      | Jazqa the Kobold Berserker began the quest for the Orb.
     0 | D:1      | Reached XP level 1. HP: 14/14 MP: 1/1
   146 | D:1      | Reached XP level 2. HP: 11/19 MP: 2/2
   527 | D:1      | Reached skill level 3 in Dodging
   527 | D:1      | Reached XP level 3. HP: 24/24 MP: 3/3
   792 | D:2      | Reached skill level 1 in Stealth
  1102 | D:2      | Reached skill level 4 in Fighting
  1102 | D:2      | Reached XP level 4. HP: 22/29 MP: 4/4
  1132 | D:2      | Found a radiant altar of Vehumet.
  1132 | D:2      | Found a shattered altar of Ashenzari.
  1133 | D:2      | Found an ancient bone altar of Kikubaaqudgha.
  1208 | D:2      | Reached ** piety under Trog
  1341 | D:2      | Found a glowing golden altar of the Shining One.
  1360 | D:2      | Reached skill level 2 in Stealth
  1833 | D:3      | Reached skill level 2 in Armour
  1833 | D:3      | Reached XP level 5. HP: 34/34 MP: 5/5
  1921 | D:3      | Found an opulent altar of Gozag.
  2045 | D:3      | Reached skill level 4 in Dodging
  2176 | D:3      | Found a shattered altar of Ashenzari.
  2181 | D:3      | Saw a vision of the Shoals and the Spider Nest.
  2181 | D:3      | Noticed a merfolk
  2181 | D:3      | Noticed a redback
  2181 | D:3      | Noticed a merfolk
  2181 | D:3      | Noticed a wolf spider
  2181 | D:3      | Noticed a centaur
  2181 | D:3      | Noticed a wolf spider
  2181 | D:3      | Noticed a wolf spider
  2181 | D:3      | Noticed a merfolk siren
  2182 | D:3      | Noticed a redback
  2183 | D:3      | Noticed a hornet
  2719 | D:4      | Reached XP level 6. HP: 39/39 MP: 6/6
  2943 | D:4      | Reached skill level 3 in Stealth
  2962 | D:4      | Reached skill level 5 in Short Blades
  3257 | D:4      | Reached *** piety under Trog
  3454 | D:5      | Entered Level 5 of the Dungeon
  3454 | D:5      | Noticed an ogre
  3461 | D:5      | Killed an ogre
  3461 | D:5      | Reached XP level 7. HP: 44/44 MP: 7/7
  3605 | D:5      | Reached skill level 5 in Fighting
  3605 | D:5      | Reached skill level 3 in Armour
  3605 | D:5      | Reached skill level 4 in Stealth
  3649 | D:5      | Noticed Lordude042's ghost (novice HOAK)
  3671 | D:5      | Killed Lordude042's ghost
  3671 | D:5      | Reached skill level 6 in Short Blades
  3671 | D:5      | Reached skill level 5 in Dodging
  3671 | D:5      | Reached skill level 5 in Stealth
  3671 | D:5      | Reached XP level 8. HP: 48/50 MP: 8/8
  3865 | D:5      | Found a sparkling altar of Nemelex Xobeh.
  3972 | D:5      | Found Cudin's Antique Armour Boutique.
  4021 | D:5      | Reached skill level 6 in Dodging
  4115 | D:5      | Bought a glowing leather armour for 145 gold pieces
  4131 | D:5      | Bought a runed leather armour for 145 gold pieces
  4199 | D:5      | Reached skill level 6 in Fighting
  4317 | D:5      | Found a staircase to the Ecumenical Temple.
  4568 | D:5      | Found Ohirph's Gadget Boutique.
  4619 | D:5      | Reached skill level 7 in Short Blades
  4794 | D:5      | Reached skill level 6 in Stealth
  5290 | D:6      | Found a glowing silver altar of Zin.
  5369 | D:6      | Reached XP level 9. HP: 56/56 MP: 9/9
  5479 | D:6      | Reached skill level 7 in Dodging
  5662 | D:6      | Reached skill level 8 in Short Blades
  6379 | D:7      | Reached skill level 7 in Fighting
  6535 | D:7      | Reached skill level 7 in Stealth
  6568 | D:7      | Noticed Menkaure
  6577 | D:7      | Killed Menkaure
  6951 | D:7      | Noticed a hippogriff
  6966 | D:7      | Killed a hippogriff
  7106 | D:7      | Reached skill level 8 in Dodging
  7198 | D:8      | Reached skill level 9 in Short Blades
  7264 | D:8      | Reached skill level 8 in Stealth
  7294 | D:8      | Reached **** piety under Trog
  7419 | D:8      | Reached XP level 10. HP: 64/64 MP: 10/10
  7472 | D:8      | Reached skill level 8 in Fighting
  7570 | D:8      | Noticed an orange crystal statue
  7732 | D:9      | Reached skill level 9 in Stealth
  7771 | D:9      | Reached skill level 9 in Dodging
  8169 | D:9      | Found a staircase to the Lair.
  8456 | D:9      | Reached skill level 10 in Stealth
  8465 | D:9      | Reached skill level 9 in Fighting
  8639 | Lair:1   | Entered Level 1 of the Lair of Beasts
  8639 | Lair:1   | Noticed a komodo dragon
  8644 | Lair:1   | Killed a komodo dragon
  8699 | Lair:1   | Noticed a spiny frog
  8707 | Lair:1   | Killed a spiny frog
  8889 | Lair:1   | Reached skill level 10 in Dodging
  8889 | Lair:1   | Reached XP level 11. HP: 71/71 MP: 11/11
  8930 | Lair:1   | Reached skill level 10 in Short Blades
  9106 | Lair:1   | Noticed a death yak
  9106 | Lair:1   | Noticed a death yak
  9106 | Lair:1   | Noticed a death yak
  9106 | Lair:1   | Noticed a death yak
  9136 | Lair:1   | Killed a death yak
  9136 | Lair:1   | Reached skill level 11 in Stealth
  9157 | Lair:1   | Killed a death yak
  9185 | Lair:1   | Killed a death yak
  9185 | Lair:1   | Reached skill level 10 in Fighting
  9215 | Lair:1   | HP: 4/72 [death yak (9)]
  9217 | Lair:1   | Slain by a death yak

Vanquished Creatures
  A death yak (Lair:1)
  The ghost of Lordude042 the Skirmisher, a novice HOAK of Lugonu (D:5)
  A spiny frog (Lair:1)
  A komodo dragon (Lair:1)
  5 hippogriffs
  3 yaks (Lair:1)
  Menkaure (D:7)
  3 porcupines (Lair:1)
  A water moccasin (Lair:1)
  3 sky beasts
  An ice beast (D:6)
  A black bear (D:9)
  A necrophage (D:7)
  A phantom (D:6)
  6 ogres
  A crocodile (Lair:1)
  4 bullfrogs
  4 killer bees (D:8)
  3 wights (D:9)
  A crimson imp (D:5)
  2 bullfrog zombies
  A quasit (D:9)
  4 hounds
  2 jellies
  7 orc priests
  A centaur skeleton (D:6)
  A gnoll shaman (D:5)
  12 orc wizards
  2 bullfrog skeletons
  5 worker ants
  An iguana (D:6)
  A hound skeleton (D:9)
  7 adders
  6 gnolls
  A shadow imp (D:7)
  2 adder zombies
  3 worms (D:2)
  2 dart slugs
  6 leopard geckos
  26 orcs
  10 giant cockroaches
  9 goblins
  4 hobgoblins
  6 jackals
  2 quokkas
  2 ball pythons
  A ball python skeleton (D:4)
  3 bats
  9 frilled lizards
  A jackal skeleton (D:4)
  7 kobolds
  A leopard gecko skeleton (D:7)
  5 rats
195 creatures vanquished.

Vanquished Creatures (collateral kills)
  2 death yaks (Lair:1)
  2 wargs (D:9)
  An orc warrior (D:9)
  A centaur (D:9)
  An orc priest (D:9)
  2 orc wizards (D:9)
  2 orcs (D:9)
11 creatures vanquished.

Vanquished Creatures (others)
  A water moccasin skeleton (D:5)
1 creature vanquished.

Grand Total: 207 creatures vanquished
